 Dungeon Crawl Stone Soup version 0.23.2-40-g277498a001 (webtiles) character file.

Game seed: 14430531827645494800

74 Laird the Poker (level 4, -1/34 HPs)
             Began as a Merfolk Gladiator on Oct 6, 2019.
             Slain by an orc
             ... wielding a +0 dagger
              (3 damage)
             ... on level 3 of the Dungeon.
             The game lasted 00:07:46 (2615 turns).

Laird the Poker (Merfolk Gladiator)                 Turns: 2615, Time: 00:07:47

Health: -1/34      AC:  6    Str: 14    XL:     4   Next: 28%
Magic:  4/4        EV: 14    Int:  7    God:
Gold:   61         SH:  0    Dex: 16    Spells: 3/3 levels left

rFire    . . .     SeeInvis +   q - -1 trident (curse)
rCold    . . .     Gourm    .   (no shield)
rNeg     . . .     Faith    .   m - +1 leather armour {MR+}
rPois    .         Spirit   .   c - +0 helmet
rElec    .         Reflect  .   l - +0 cloak
rCorr    .         Harm     .   (no gloves)
MR       +....                  (no boots)
Stlth    ++........             (no amulet)
HPRegen  0.11/turn              j - ring of see invisible
MPRegen  0.09/turn              (no ring)

@: no status effects
A: change form in water, swift swim, stealthy swim
a: no special abilities


You were on level 3 of the Dungeon.
You were not hungry.

You visited 1 branch of the dungeon, and saw 3 of its levels.

You collected 61 gold pieces.

Inventory:

Hand Weapons
 a - a +1 trident
 q - a cursed -1 trident (weapon)
Missiles
 d - 3 throwing nets (quivered)
Armour
 b - a +0 leather armour
 c - a +0 helmet (worn)
 l - a +0 cloak (worn)
 m - a +1 leather armour of magic resistance (worn)
Jewellery
 j - a ring of see invisible (left hand)
 o - an uncursed ring of see invisible
 s - a cursed -5 ring of strength {unknown}
Scrolls
 e - 2 scrolls of immolation
 h - a scroll of teleportation
 p - 4 scrolls of identify
Potions
 g - 3 potions of haste {unknown}
 i - 3 potions of curing {unknown}
 k - a potion of degeneration {unknown}
 n - a potion of brilliance {unknown}
 r - a potion of cancellation {unknown}
Comestibles
 f - 2 rations


   Skills:
 + Level 2.4 Fighting
 * Level 6.4 Polearms
 - Level 2.0 Throwing
 + Level 4.5 Dodging
 + Level 0.9 Stealth


You had 3 spell levels left.
You didn't know any spells.
Your spell library was empty.

Dungeon Overview and Level Annotations

Branches:
Dungeon (3/15)

Altars:


Message History

The orc priest hits you with a +0 hand axe.
* * * LOW HITPOINT WARNING * * *
The orc barely misses you.
You puncture the orc priest!
The orc priest is heavily wounded.
The orc wizard misses you. The orc closely misses you.
The orc priest closely misses you. The orc hits you with a +0 hand axe.
* * * LOW HITPOINT WARNING * * *
You barely miss the orc priest.
The orc priest is heavily wounded.
The orc wizard hits you but does no damage.
The orc closely misses you.
The orc priest hits you with a +0 hand axe.
* * * LOW HITPOINT WARNING * * *
The orc barely misses you.
You hit the orc priest.
The orc priest is almost dead.
The orc wizard casts a cantrip, but nothing happens.
The orc hits you with a +0 dagger.
You die...

...... # .....
.###
##..#.####!..
#....(.....#
#..........##.
#.............
#.....oo...#
#....o@....#
#...>o.....#
#..........#
#..........#
############


You could see an orc priest, an orc wizard and 2 orcs.

Vanquished Creatures
  An adder (D:2)
  2 worms (D:2)
  A dart slug (D:2)
  A leopard gecko (D:1)
  An orc (D:2)
  A bat skeleton (D:2)
  6 giant cockroaches
  8 goblins
  5 hobgoblins
  5 jackals
  A kobold (D:1)
  5 bats
  5 frilled lizards (D:2)
  10 rats
52 creatures vanquished.

Notes
Turn   | Place    | Note
-------+----------+-------------------------------------------
     0 | D:1      | Laird the Merfolk Gladiator began the quest for the Orb.
     0 | D:1      | Reached XP level 1. HP: 16/16 MP: 1/1
    85 | D:1      | Reached skill level 5 in Polearms
    85 | D:1      | Reached XP level 2. HP: 21/22 MP: 2/2
   591 | D:1      | Reached XP level 3. HP: 28/28 MP: 3/3
  1374 | D:2      | Reached skill level 6 in Polearms
  1851 | D:2      | Reached XP level 4. HP: 31/34 MP: 4/4
  2615 | D:3      | Slain by an orc

Skill      XL: |  1  2  3 |
---------------+----------+-----
Polearms       | 5 6 |  6.4
Fighting       | |  2.4
Throwing       | |  2.0
Dodging        | |  4.5
Stealth        | |  0.9

Action                   |  1- 3 |  4- 6 || total
-------------------------+-------+-------++-------
Melee: Trident           |   138 |    49 ||   187
  Use: Scroll            |     5 |     1 ||     6
 Stab: Sleeping          |     3 |       ||     3
  Eat: Ration            |     1 |     1 ||     2
Armor: Leather armour    |    24 |     6 ||    30
Dodge: Dodged            |    74 |    43 ||   117
